 Dungeon Crawl Stone Soup version 0.29.1-15-g9cfb28693d (webtiles) character file.

Game seed: 8066095253024529510

72 KittyFluff the Trooper (level 4, -1/43 HPs)
             Began as a Gargoyle Berserker on Apr 9, 2023.
             Was a Believer of Trog.
             Slain by a gnoll
             ... wielding a +0 spear
              (3 damage)
             ... on level 3 of the Dungeon.
             The game lasted 00:06:03 (1998 turns).

KittyFluff the Trooper (Gargoyle Berserker)         Turns: 1998, Time: 00:06:05

Health: -1/43      AC:  7    Str: 20    XL:     4   Next: 25%
Magic:  4/4        EV: 12    Int:  8    God:    Trog [**....]
Gold:   86         SH:  0    Dex: 11    Spells: 3/3 levels left

rFire   . . .      SeeInvis .   a - +0 mace
rCold   . . .      Faith    .   (no shield)
rNeg    + . .      Spirit   .   b - +0 animal skin
rPois   ∞          Reflect  .   (no helmet)
rElec   +          Harm     .   (no cloak)
rCorr   .          Rampage  .   g - +0 pair of gloves
Will    .....                   (no boots)
Stlth   ..........              (no amulet)
HPRegen 0.14/turn               (no ring)
MPRegen 0.09/turn               (no ring)

@: berserking, very quick
A: sickness immunity, AC +3, negative energy resistance 1, electricity
resistance, torment resistance 1, petrification resistance
a: Renounce Religion, Berserk, Trog's Hand


You were on level 3 of the Dungeon.
You worshipped Trog.
Trog was pleased with you.
You visited 1 branch of the dungeon, and saw 3 of its levels.

You collected 86 gold pieces.

Inventory:

Hand Weapons
 a - a +0 mace (weapon)
 m - a +0 sling
Missiles
 f - 11 stones (quivered)
 j - a throwing net
Armour
 b - a +0 animal skin (worn)
 g - a +0 pair of gloves (worn)
Scrolls
 c - a scroll of identify {unknown}
 e - a scroll of teleportation {unknown}
 i - a scroll of vulnerability {unknown}
 l - a scroll of noise {unknown}
Potions
 d - a potion of lignification {unknown}
 h - a potion of curing {unknown}
 k - a potion of magic {unknown}


   Skills:
 + Level 3.9 Fighting
 + Level 3.6 Maces & Flails
 * Level 3.1 Armour
 + Level 2.0 Dodging
 + Level 0.3 Stealth


You had 3 spell levels left.
You didn't know any spells.
Your spell library was empty.

Dungeon Overview and Level Annotations

Branches:
Dungeon (2/15)

Altars:


Innate Abilities, Weirdness & Mutations

You are immune to sickness and miasma.
Your stone body is resilient. (AC +3)
You are immune to poison.
You resist negative energy. (rN+)
You are resistant to electric shocks. (rElec)
You are resistant to unholy torment.
You are immune to petrification.


Message History

The white imp gestures at you. The puff of frost hits you!
The gnoll barely misses you. The gnoll barely misses you. x2
You hit the gnoll.
The gnoll is moderately wounded.
The gnoll closely misses you. x2
You sock the gnoll!
You kill the gnoll!
Trog accepts your kill.
The gnoll hits you from afar with a +0 spear.
Your Dodging skill increases to level 2!
You hit the gnoll.
The gnoll is moderately wounded.
The gnoll hits you but does no damage. The gnoll barely misses you.
You closely miss the gnoll.
The gnoll is moderately wounded.
The gnoll closely misses you. The gnoll hits you with a +0 flail.
The gnoll hits you from afar with a +0 spear.
The white imp closely misses you.
You closely miss the gnoll.
The gnoll is moderately wounded.
The gnoll hits you from afar with a +0 spear.
The gnoll hits you with a +0 flail. The gnoll hits you but does no damage.
The white imp shouts, "Slither away, thou rank full-gorged pumpion!"
The white imp closely misses you.
The gnoll hits you from afar with a +0 spear.
The white imp gestures at you. The puff of frost misses you.
The puff of frost hits the gnoll!
The gnoll dies!
The gnoll hits you from afar with a +0 spear.
* * * LOW HITPOINT WARNING * * *
A red film seems to cover your vision as you go berserk!
You feel yourself moving faster!
You feel mighty! The white imp gestures at you. The puff of frost hits you!
* * * LOW HITPOINT WARNING * * *
The gnoll barely misses you.
The gnoll hits you from afar with a +0 spear.
You die...

#.# #.......... #.#
#.......... #.#
#......g... #.#
#.....g.... #.#
#...g...... #.#
#..g....... #.#
#...####### #.#
###g########.# #.#
#g)@5......# #.#
############ #.# #.#
#.# #.#
#.##################
#...................
####################


You could see 2 gnolls and a white imp.

Vanquished Creatures
  A gnoll (D:3)
  2 adders (D:2)
  A worm (D:2)
  A dart slug (D:2)
  4 ball pythons
  3 bats
  2 endoplasms (D:1)
  A giant cockroach (D:1)
  4 goblins
  3 hobgoblins
  6 kobolds (D:1)
  3 quokkas (D:1)
  A frilled lizard (D:2)
  4 rats
36 creatures vanquished.

Vanquished Creatures (others)
  A gnoll (D:3)
1 creature vanquished.

Grand Total: 37 creatures vanquished

Notes
Turn   | Place    | Note
-------+----------+-------------------------------------------
     0 | D:1      | KittyFluff the Gargoyle Berserker began the quest for the
                  | Orb.
     0 | D:1      | Reached XP level 1. HP: 14/14 MP: 1/1
   209 | D:1      | Found a faded altar of an unknown god.
   301 | D:1      | Reached XP level 2. HP: 13/19 MP: 2/2
   878 | D:1      | Reached XP level 3. HP: 23/23 MP: 3/3
  1267 | D:2      | Reached ** piety under Trog
  1883 | D:2      | Reached XP level 4. HP: 29/29 MP: 4/4
  1936 | D:2      | You fall into a shaft and drop 1 floor!
  1998 | D:3      | HP: 2/43 [white imp/puff of frost (9)]
  1998 | D:3      | Slain by a gnoll

Illustrated notes

Levels and vault maps discovered:
D:1:      dpeg_arrival_castle, layout_basic, ebering_ecumenical_altar_abandoned
D:2:      layout_basic
D:3:      layout_basic, minivault_4

Skill      XL: |  1  2  3  4 |
---------------+-------------+-----
Armour         | 3 |  3.1
Dodging        | 2 |  2.0
Fighting       | |  3.9
Maces & Flails | |  3.6
Stealth        | |  0.3

Action                   |  1- 3 |  4- 6 || total
-------------------------+-------+-------++-------
Melee: Mace              |   105 |     8 ||   113
Invok: Berserk           |       |     1 ||     1
Armor: Animal skin       |    24 |     4 ||    28
Dodge: Dodged            |    72 |    11 ||    83
